[Event "ICCopen2016"]
[Site "Internet Chess Club"]
[Date "2016.06.03"]
[Round "2"]
[White "ALexiz"]
[Black "Nostradamus"]
[Result "0-1"]
[ICCResult "White checkmated"]
[WhiteElo "1838"]
[BlackElo "2472"]
[Opening "Queen's pawn game, Chigorin variation"]
[ECO "A40"]
[NIC "QO.17"]
[Time "19:11:48"]
[TimeControl "180+0"]

1. d4 Nc6 2. Nf3 d5 3. g3 Bg4 4. Bg2 Qd7 5. O-O O-O-O 6. b3 f6 7. Ba3 g5 8.
c3 h5 9. Nbd2 h4 10. Re1 hxg3 11. hxg3 Bh3 12. e4 Bxg2 13. Kxg2 Qh3+ 14. Kg1
Qh1# {White checkmated} 0-1

[Event "ICCopen2016"]
[Site "Internet Chess Club"]
[Date "2016.06.03"]
[Round "2"]
[White "HuevosDeLeon"]
[Black "livis"]
[Result "1-0"]
[ICCResult "Black resigns"]
[WhiteElo "2557"]
[BlackElo "1975"]
[Opening "Queen's pawn"]
[ECO "A40"]
[NIC "QO.17"]
[Time "19:12:06"]
[TimeControl "180+0"]

1. d4 e6 2. Nf3 f5 3. c4 Nf6 4. Bf4 d6 5. Nc3 Be7 6. e3 O-O 7. h3 c6 8. Bd3
d5 9. Qc2 Bd7 10. g4 fxg4 11. hxg4 Rf7 12. Bxh7+ Kf8 13. Bg6 Ng8 14. Bxf7
Kxf7 15. Ne5+ Kf8 16. Rh8 Bf6 17. Qh7 {Black resigns} 1-0

[Event "ICCopen2016"]
[Site "Internet Chess Club"]
[Date "2016.06.03"]
[Round "2"]
[White "Kastor"]
[Black "Eraser007"]
[Result "1-0"]
[ICCResult "Black resigns"]
[WhiteElo "2877"]
[BlackElo "2214"]
[Opening "Robatsch defense"]
[ECO "B06"]
[NIC "KF.05"]
[Time "19:12:08"]
[TimeControl "180+0"]

1. e4 g6 2. d4 Bg7 3. Nc3 c6 4. Nf3 d5 5. h3 dxe4 6. Nxe4 Nd7 7. Bc4 Ngf6 8.
Nxf6+ Nxf6 9. O-O O-O 10. Bb3 Nd5 11. Re1 Qc7 12. Qe2 e6 13. c3 Rd8 14. Bg5
f6 15. Bh4 c5 16. Bg3 Qb6 17. Rad1 cxd4 18. Rxd4 Kf7 19. c4 Ne7 20. c5 Qc7
21. Bxe6+ Kf8 22. Bxc7 {Black resigns} 1-0

[Event "ICCopen2016"]
[Site "Internet Chess Club"]
[Date "2016.06.03"]
[Round "2"]
[White "hunterking"]
[Black "JUGGERNOT"]
[Result "0-1"]
[ICCResult "White resigns"]
[WhiteElo "1402"]
[BlackElo "1836"]
[Opening "Réti: advance variation"]
[ECO "A09"]
[NIC "RE.16"]
[Time "19:11:50"]
[TimeControl "180+0"]

1. Nf3 d5 2. c4 d4 3. e3 dxe3 4. fxe3 Nf6 5. d4 c6 6. Bd3 Bg4 7. O-O e6 8.
h3 Bh5 9. Nbd2 Bd6 10. b3 Nbd7 11. Bb2 O-O 12. Rc1 Rc8 13. Bb1 Bb8 14. Ne4
Nxe4 15. Bxe4 Qc7 16. Qd3 Bxf3 17. Rxf3 f5 18. Bxf5 Rxf5 19. Rxf5 exf5 20.
Qxf5 Qh2+ 21. Kf1 Rf8 {White resigns} 0-1

[Event "ICCopen2016"]
[Site "Internet Chess Club"]
[Date "2016.06.03"]
[Round "2"]
[White "Darnoc"]
[Black "edwspin"]
[Result "1-0"]
[ICCResult "Black resigns"]
[WhiteElo "2864"]
[BlackElo "1603"]
[Opening "Queen's pawn"]
[ECO "A40"]
[NIC "QO.17"]
[Time "19:11:58"]
[TimeControl "180+0"]

1. d4 e6 2. c4 Ne7 3. e4 g6 4. Nc3 Bg7 5. h4 O-O 6. h5 d6 7. hxg6 fxg6 8.
Nf3 Nd7 9. Ng5 Nf6 10. e5 dxe5 11. dxe5 Qxd1+ 12. Nxd1 Ng4 13. Nxh7 Rf5 14.
f4 b6 15. Be2 Nxe5 16. fxe5 Rxe5 17. Ng5 Bb7 18. Nf3 Bxf3 19. gxf3 Nf5 20.
Bf4 Rc5 21. Rc1 Nd4 22. Be3 Nxf3+ 23. Bxf3 Re5 24. Bxa8 Bf6 25. Rc2 Bg5 26.
Re2 Kf7 27. Bxg5 Rxg5 28. Rh7+ Kf6 29. Rxc7 Rg1+ 30. Kd2 Rg4 31. Ne3 Rf4 32.
Rxa7 {Black resigns} 1-0

[Event "ICCopen2016"]
[Site "Internet Chess Club"]
[Date "2016.06.03"]
[Round "2"]
[White "TitanRivas"]
[Black "Mandragora"]
[Result "0-1"]
[ICCResult "White resigns"]
[WhiteElo "1890"]
[BlackElo "1584"]
[Opening "Queen's bishop game"]
[ECO "D02"]
[NIC "QP.06"]
[Time "19:12:01"]
[TimeControl "180+0"]

1. d4 Nf6 2. Nf3 d5 3. Bf4 g6 4. Nbd2 Bg7 5. e3 O-O 6. Be2 e6 7. O-O b6 8.
c4 c5 9. cxd5 Nxd5 10. Be5 f6 11. Bg3 Nc6 12. dxc5 bxc5 13. Nc4 a5 14. Qa4
Bd7 15. Rfd1 Nd4 16. Qxd7 Nxe2+ {White resigns} 0-1

[Event "ICCopen2016"]
[Site "Internet Chess Club"]
[Date "2016.06.03"]
[Round "2"]
[White "kvicc"]
[Black "saya"]
[Result "0-1"]
[ICCResult "White checkmated"]
[WhiteElo "2209"]
[BlackElo "2868"]
[Opening "Sicilian: Scheveningen, classical"]
[ECO "B47"]
[NIC "SI.40"]
[Time "19:12:10"]
[TimeControl "180+0"]

1. e4 c5 2. Nf3 e6 3. d4 cxd4 4. Nxd4 Nc6 5. Nc3 Qc7 6. Be2 a6 7. O-O Nf6 8.
Be3 d6 9. f4 Be7 10. a4 O-O 11. Nb3 Na5 12. Nxa5 Qxa5 13. Bf3 Re8 14. Qd4 e5
15. fxe5 dxe5 16. Qb6 Qxb6 17. Bxb6 Be6 18. Rfd1 Rac8 19. Rac1 g5 20. h3 h5
21. Nd5 g4 22. hxg4 hxg4 23. Nxf6+ Bxf6 24. Be2 Bg5 25. Rb1 Rxc2 26. Bd3 Rc6
27. Bf2 Kg7 28. b4 Rc3 29. Bf1 g3 30. Bb6 Rc6 31. Ba7 b6 32. b5 Be3+ 33. Kh1
Rh8# {White checkmated} 0-1

[Event "ICCopen2016"]
[Site "Internet Chess Club"]
[Date "2016.06.03"]
[Round "2"]
[White "CrossShark"]
[Black "BlitzFreakay"]
[Result "1-0"]
[ICCResult "Black checkmated"]
[WhiteElo "2662"]
[BlackElo "2056"]
[Opening "French: Swiss variation"]
[ECO "C11"]
[NIC "FR.04"]
[Time "19:12:24"]
[TimeControl "180+0"]

1. e4 e6 2. d4 d5 3. Nc3 Nf6 4. Bd3 c5 5. Nf3 Nc6 6. Be3 c4 7. Be2 Bb4 8.
exd5 Bxc3+ 9. bxc3 exd5 10. O-O h6 11. Ne5 O-O 12. Bf3 Re8 13. Bf4 Bf5 14.
Re1 Ne4 15. Re3 Nxe5 16. Bxe5 Qg5 17. Bxe4 Bxe4 18. Rg3 Qf5 19. Bxg7 Kh7 20.
Qd2 Re6 21. Be5 Bxc2 22. Rg7+ Kh8 23. Rg6+ Rxe5 24. Qxh6# {Black checkmated}
1-0

[Event "ICCopen2016"]
[Site "Internet Chess Club"]
[Date "2016.06.03"]
[Round "2"]
[White "B-Alqudaimi"]
[Black "tangent"]
[Result "1-0"]
[ICCResult "Black resigns"]
[WhiteElo "2524"]
[BlackElo "1967"]
[Opening "Mieses opening"]
[ECO "A00"]
[NIC "VO.13"]
[Time "19:12:07"]
[TimeControl "180+0"]

1. d3 g6 2. g3 Bg7 3. Bg2 d5 4. f4 c6 5. Nf3 Nd7 6. O-O Ngf6 7. Nc3 O-O 8.
e4 dxe4 9. dxe4 e5 10. fxe5 Ng4 11. e6 fxe6 12. Qe2 Nde5 13. Bf4 Qb6+ 14.
Kh1 Qxb2 15. Nxe5 Nxe5 16. Bxe5 Bxe5 17. Rxf8+ Kxf8 18. Rf1+ Ke7 19. Qf3
Bxc3 20. Qf8+ {Black resigns} 1-0

[Event "ICCopen2016"]
[Site "Internet Chess Club"]
[Date "2016.06.03"]
[Round "2"]
[White "Discoverchess"]
[Black "GreyWarden"]
[Result "1-0"]
[ICCResult "Black resigns"]
[WhiteElo "2514"]
[BlackElo "1954"]
[Opening "King's Indian: fianchetto, Uhlmann (Szabo) variation"]
[ECO "E62"]
[NIC "KI.72"]
[Time "19:12:20"]
[TimeControl "180+0"]

1. c4 Nf6 2. g3 g6 3. Bg2 Bg7 4. Nf3 O-O 5. d4 d6 6. O-O Nc6 7. Nc3 e5 8. d5
Ne7 9. e4 Nd7 10. Ne1 f5 11. Nd3 Nf6 12. f3 c6 13. Bg5 h6 14. Bxf6 Bxf6 15.
Rc1 cxd5 16. cxd5 Bd7 17. Qb3 Qb6+ 18. Qxb6 axb6 19. a3 Rfc8 20. Rfd1 Rc4
21. Bf1 Rc7 22. Nb5 Rxc1 23. Nxc1 Bxb5 24. Bxb5 Rc8 25. Nd3 Rc1 26. Rxc1
{Black resigns}
1-0

[Event "ICCopen2016"]
[Site "Internet Chess Club"]
[Date "2016.06.03"]
[Round "2"]
[White "VrloJakMK"]
[Black "Pitchoun"]
[Result "0-1"]
[ICCResult "White resigns"]
[WhiteElo "2150"]
[BlackElo "2766"]
[Opening "Modern defense: Averbakh system, Kotov variation"]
[ECO "A40"]
[NIC "KF.03"]
[Time "19:12:22"]
[TimeControl "180+0"]

1. d4 g6 2. c4 Bg7 3. Nc3 d6 4. e4 Nc6 5. Nf3 e5 6. d5 Nce7 7. Be2 f5 8.
exf5 gxf5 9. Ng5 Nf6 10. Bh5+ Kf8 11. Be2 h6 12. Nf3 c5 13. Bd2 Ng6 14. Qc2
e4 15. Ng1 a6 16. O-O-O Bd7 17. h4 Rb8 18. f3 b5 19. fxe4 b4 20. Nb1 Nxe4
21. Bd3 Nf2 22. Nf3 Qf6 23. h5 Nxd3+ {White resigns} 0-1

[Event "ICCopen2016"]
[Site "Internet Chess Club"]
[Date "2016.06.03"]
[Round "2"]
[White "klodshans"]
[Black "Tal-Baron"]
[Result "0-1"]
[ICCResult "White resigns"]
[WhiteElo "1610"]
[BlackElo "2872"]
[Opening "Queen's pawn: London system"]
[ECO "A45"]
[NIC "QP.07"]
[Time "19:12:12"]
[TimeControl "180+0"]

1. d4 Nf6 2. Bf4 d5 3. e3 c5 4. c3 Nc6 5. Nf3 Qb6 6. Qb3 c4 7. Qc2 Bf5 8.
Qxf5 Qxb2 9. Be2 e6 10. Qh3 Qxa1 11. O-O Qxa2 12. Nbd2 Be7 13. Rb1 b6 14.
Ne5 Nxe5 15. dxe5 Nd7 16. Rd1 a5 17. e4 dxe4 18. Bxc4 Qa4 19. Qe3 Qxd1+
{White resigns}
0-1

[Event "ICCopen2016"]
[Site "Internet Chess Club"]
[Date "2016.06.03"]
[Round "2"]
[White "RonJB"]
[Black "Capitalist"]
[Result "0-1"]
[ICCResult "White resigns"]
[WhiteElo "1639"]
[BlackElo "1301"]
[Opening "Queen's pawn: Charlick (Englund) gambit"]
[ECO "A40"]
[NIC "QO.17"]
[Time "19:12:30"]
[TimeControl "180+0"]

1. d4 e5 2. dxe5 Nc6 3. e4 Bc5 4. Nf3 Nge7 5. Bd3 Ng6 6. O-O Ncxe5 7. Nbd2
O-O 8. Nb3 Bb6 9. Bf4 d6 10. h3 Nxf4 11. Nxe5 dxe5 12. Qd2 Nxd3 13. cxd3 c6
14. Rac1 Be6 15. Qc3 Bxb3 16. Qxb3 Rb8 17. a4 Bd4 18. Rc2 Qe7 19. Kh1 Rfd8
20. f4 exf4 21. Rxf4 Rf8 22. Rc1 Kh8 23. Rcf1 f6 24. Rg4 Be5 25. Qd1 Rfd8
26. Qf3 Rd4 27. Qf5 Rxd3 28. Rh4 g6 29. Qxg6 Qg7 30. Qf5 Rg8 31. Rg4 Qf7 32.
Rxg8+ Qxg8 {White resigns} 0-1

[Event "ICCopen2016"]
[Site "Internet Chess Club"]
[Date "2016.06.03"]
[Round "2"]
[White "MasterZachary"]
[Black "SPARNALIQ"]
[Result "0-1"]
[ICCResult "White resigns"]
[WhiteElo "2218"]
[BlackElo "2893"]
[Opening "St. George (Baker) defense"]
[ECO "B00"]
[NIC "VO.17"]
[Time "19:11:56"]
[TimeControl "180+0"]

1. e4 a6 2. d4 b5 3. Nc3 Bb7 4. Bd3 Nf6 5. a3 e6 6. Nf3 d5 7. Qe2 c5 8. Bg5
c4 9. e5 cxd3 10. cxd3 h6 11. Bh4 g5 12. Nxg5 hxg5 13. Bxg5 Nbd7 14. exf6
Nxf6 15. O-O-O Rc8 16. Kb1 Bxa3 17. bxa3 Rxc3 18. Qe5 Qa5 19. Bd2 Rb3+ 20.
Kc2 Qxa3 21. Qb8+ Ke7 22. Qxb7+ Nd7 23. Rb1 Qa2+ 24. Kd1 Qxb1+ 25. Ke2 Qxd3+
{White resigns}
0-1

[Event "ICCopen2016"]
[Site "Internet Chess Club"]
[Date "2016.06.03"]
[Round "2"]
[White "padmanandhini"]
[Black "born2die"]
[Result "0-1"]
[ICCResult "White checkmated"]
[WhiteElo "1422"]
[BlackElo "1758"]
[Opening "Alekhine's defense"]
[ECO "B02"]
[NIC "AL.10"]
[Time "19:11:54"]
[TimeControl "180+0"]

1. e4 Nf6 2. Nc3 d6 3. Nf3 e5 4. Bc4 h6 5. h3 Be7 6. d3 O-O 7. Be3 Nh7 8.
O-O Kh8 9. Nb5 f5 10. exf5 Bxf5 11. Bd5 c6 12. Be4 cxb5 13. Bxf5 Rxf5 14.
Qe2 Ng5 15. Bxg5 Bxg5 16. Nxg5 Qxg5 17. Qe4 Nc6 18. Rfe1 Qf6 19. Rad1 Rf8
20. Re3 Rxf2 21. Qd5 Qg5 22. Rde1 Nd4 23. Qxb7 Rxc2 24. Qxa7 Qxg2#
{White checkmated}
0-1

[Event "ICCopen2016"]
[Site "Internet Chess Club"]
[Date "2016.06.03"]
[Round "2"]
[White "fishmaster"]
[Black "Kandor"]
[Result "1-0"]
[ICCResult "Black checkmated"]
[WhiteElo "1618"]
[BlackElo "1146"]
[Opening "French: King's Indian attack"]
[ECO "C00"]
[NIC "FR.02"]
[Time "19:12:41"]
[TimeControl "180+0"]

1. e4 e6 2. d3 d5 3. Nd2 c5 4. Ngf3 Nf6 5. g3 Be7 6. Bg2 O-O 7. O-O Nc6 8.
e5 Ne8 9. Re1 f5 10. exf6 Nc7 11. fxe7 Nxe7 12. h4 Qe8 13. Nf1 Qf7 14. Qe2
Nf5 15. Ne5 Qe8 16. Nh2 d4 17. Be4 Nd5 18. Bxd5 exd5 19. Neg4 Qxe2 20. Rxe2
Bd7 21. Bf4 b5 22. Ne5 Be8 23. Rae1 Rd8 24. Nef3 Bd7 25. Nf1 c4 26. Ne5 Be8
27. Nd2 a5 28. a3 a4 29. Nef3 g6 30. Nh2 Kh8 31. Ng4 Kg8 32. Nh6+ Kh8 33.
Nxf5 gxf5 34. Nf3 h5 35. Ng5 Bg6 36. Ne6 Rc8 37. Nxf8 Rxf8 38. Re6 Rg8 39.
Be5+ Kh7 40. Re7+ Kh6 41. Bf4# {Black checkmated} 1-0

[Event "ICCopen2016"]
[Site "Internet Chess Club"]
[Date "2016.06.03"]
[Round "2"]
[White "tewald"]
[Black "junard"]
[Result "0-1"]
[ICCResult "White checkmated"]
[WhiteElo "1219"]
[BlackElo "1685"]
[Opening "Sicilian"]
[ECO "B50"]
[NIC "SI.01"]
[Time "19:12:11"]
[TimeControl "180+0"]

1. e4 c5 2. Nf3 d6 3. c3 Nf6 4. d4 a6 5. e5 dxe5 6. Nxe5 cxd4 7. cxd4 e6 8.
Bf4 Bb4+ 9. Nc3 O-O 10. a3 Bd6 11. Bd3 Nc6 12. Nxc6 bxc6 13. Bxd6 Qxd6 14.
Be2 c5 15. dxc5 Qxc5 16. O-O Bb7 17. Rc1 Qg5 18. Bf3 Rfd8 19. Qe2 Rd2 20.
Qe1 Bxf3 21. g3 Qg4 22. Qe3 Rad8 23. Nb1 R2d3 24. Qf4 Qh3 25. Qxf3 Rxf3 26.
Rc7 Ng4 27. Rfc1 Qxh2+ 28. Kf1 Qxf2# {White checkmated} 0-1

[Event "ICCopen2016"]
[Site "Internet Chess Club"]
[Date "2016.06.03"]
[Round "2"]
[White "AaronArrowood"]
[Black "Attalus"]
[Result "1-0"]
[ICCResult "Black resigns"]
[WhiteElo "1733"]
[BlackElo "1340"]
[Opening "Queen's pawn, Mason variation"]
[ECO "D00"]
[NIC "QP.08"]
[Time "19:12:18"]
[TimeControl "180+0"]

1. d4 d5 2. Bf4 g6 3. e3 Bg7 4. h3 Nf6 5. Nf3 Nbd7 6. Be2 c6 7. O-O O-O 8.
c4 Nh5 9. Bh2 f5 10. Nc3 Ndf6 11. Ne5 f4 12. Bxf4 Nxf4 13. exf4 Ne4 14. Nxe4
Rxf4 15. Ng3 Bxe5 16. dxe5 d4 17. Bf3 c5 18. Re1 Qb6 19. b3 Be6 20. Bd5 Raf8
21. Ne4 Bxd5 22. cxd5 R8f5 23. g3 Rf3 24. d6 e6 25. Qe2 Kg7 26. Kg2 Qc6 27.
Rac1 b6 28. b4 h5 29. bxc5 bxc5 30. Rxc5 Qb7 31. Rc7+ Qxc7 32. dxc7
{Black resigns}
1-0

[Event "ICCopen2016"]
[Site "Internet Chess Club"]
[Date "2016.06.03"]
[Round "2"]
[White "chessrex"]
[Black "papko"]
[Result "1-0"]
[ICCResult "Black resigns"]
[WhiteElo "1879"]
[BlackElo "1516"]
[Opening "Caro-Kann defense"]
[ECO "B15"]
[NIC "CK.05"]
[Time "19:12:16"]
[TimeControl "180+0"]

1. d4 d5 2. e4 c6 3. Nc3 Nf6 4. Be3 e6 5. a3 Nbd7 6. exd5 exd5 7. Bd3 Bd6 8.
Nf3 Qc7 9. h3 b6 10. Qe2 O-O 11. O-O Re8 12. Qd2 Nf8 13. Rfe1 Ng6 14. Re2
Be6 15. Bg5 Kh8 16. Rae1 Qd7 17. Ne5 Bxe5 18. dxe5 Ng8 19. f4 d4 20. Bxg6
dxc3 21. Qxd7 Bxd7 22. Bxf7 cxb2 23. Bxe8 Bxe8 24. Rb1 Bh5 25. g4 Bg6 26. f5
Bf7 27. e6 Be8 28. Rxb2 Nf6 29. Bxf6 gxf6 30. Rd2 c5 31. Rd6 Kg7 32. c4 Kh6
33. Kf2 Kg5 34. Kg3 h5 35. h4+ Kh6 36. Rbd2 hxg4 37. Rd8 Rxd8 38. Rxd8 Bc6
39. e7 {Black resigns} 1-0

[Event "ICCopen2016"]
[Site "Internet Chess Club"]
[Date "2016.06.03"]
[Round "2"]
[White "DetectiveStark"]
[Black "Cerealkiller"]
[Result "1-0"]
[ICCResult "Black resigns"]
[WhiteElo "2459"]
[BlackElo "1864"]
[Opening "Nimzovich-Larsen attack"]
[ECO "A01"]
[NIC "VO.08"]
[Time "19:11:49"]
[TimeControl "180+0"]

1. b3 a5 2. Bb2 a4 3. e3 e6 4. Nf3 Nf6 5. Be2 d5 6. O-O a3 7. Bc1 Be7 8. c4
O-O 9. Nc3 c6 10. d4 b6 11. Qc2 Nbd7 12. e4 dxe4 13. Nxe4 Nxe4 14. Qxe4 Bb7
15. Rd1 Nf6 16. Qh4 Qc8 17. Qg3 Ne4 18. Qe5 c5 19. Be3 Nc3 20. Re1 Nxe2+ 21.
Rxe2 Bf6 22. Qf4 Bxf3 23. gxf3 Qb8 24. Qxb8 Raxb8 25. Rd1 Rfd8 26. Red2 cxd4
27. Bxd4 Bg5 28. Be3 Rxd2 29. Rxd2 Be7 30. Rd7 Kf8 31. Ra7 Ke8 32. Kf1 Bd6
33. h3 Be5 34. Rxa3 f5 35. f4 Bc7 36. Ra7 Kd7 37. Bd4 Kc6 38. Rxc7+ Kxc7 39.
Be5+ Kb7 40. Bxb8 Kxb8 41. Ke2 Kc7 42. Kd3 Kc6 43. Kd4 Kd6 44. h4 g5 45.
hxg5 {Black resigns} 1-0

[Event "ICCopen2016"]
[Site "Internet Chess Club"]
[Date "2016.06.03"]
[Round "2"]
[White "Chaos23"]
[Black "TrendFriend"]
[Result "1-0"]
[ICCResult "Black resigns"]
[WhiteElo "1979"]
[BlackElo "2449"]
[Opening "Semi-Benoni (`blockade variation')"]
[ECO "A44"]
[NIC "OI.09"]
[Time "19:12:06"]
[TimeControl "180+0"]

1. d4 c5 2. d5 e5 3. e4 d6 4. Nc3 Be7 5. f4 exf4 6. Bxf4 Bg5 7. Qd2 Bxf4 8.
Qxf4 Ne7 9. Bb5+ Kf8 10. Bd3 Ng6 11. Qf2 Nd7 12. Nh3 Nde5 13. O-O Bxh3 14.
gxh3 a6 15. a4 Qh4 16. Qxh4 Nxh4 17. Be2 Re8 18. Rab1 Rc8 19. Nd1 Nhg6 20.
Ne3 Ne7 21. b4 c4 22. a5 Rc7 23. b5 axb5 24. Rxb5 g6 25. Rfb1 Kg7 26. Rxb7
Rhc8 27. a6 f5 28. exf5 Nxf5 29. Nxf5+ gxf5 30. a7 Rxb7 31. Rxb7+ Kf6 32.
Rb8 {Black resigns} 1-0

[Event "ICCopen2016"]
[Site "Internet Chess Club"]
[Date "2016.06.03"]
[Round "2"]
[White "psychopat2016"]
[Black "fearlessone"]
[Result "1/2-1/2"]
[ICCResult "Game drawn by repetition"]
[WhiteElo "1297"]
[BlackElo "1679"]
[Opening "King's pawn opening"]
[ECO "B07"]
[NIC "VO.17"]
[Time "19:12:51"]
[TimeControl "180+0"]

1. e4 d6 2. Nf3 Nd7 3. d4 e6 4. c4 g6 5. Bd3 Bg7 6. O-O Ne7 7. Re1 Nc6 8.
Be3 O-O 9. d5 Nce5 10. Nxe5 Nxe5 11. Bc2 Nxc4 12. b3 Nxe3 13. fxe3 Bxa1 14.
dxe6 fxe6 15. Nd2 Bc3 16. Qg4 Bxd2 17. e5 Bxe1 18. Bxg6 Rf1+ 19. Kxf1 Qf8+
20. Kxe1 Qg7 21. Bxh7+ Kxh7 22. Qh5+ Kg8 23. Qe8+ Qf8 24. Qg6+ Qg7 25. Qe8+
Kh7 26. Qh5+ Qh6 27. Qf7+ Kh8 28. Qe8+ Kg7 29. Qe7+ Kg6 30. Qf6+ Kh7 31.
Qf7+ Qg7 32. Qh5+ Kg8 33. Qe8+ {Game drawn by repetition} 1/2-1/2

[Event "ICCopen2016"]
[Site "Internet Chess Club"]
[Date "2016.06.03"]
[Round "2"]
[White "Sam08"]
[Black "kaimann"]
[Result "1-0"]
[ICCResult "Black resigns"]
[WhiteElo "2487"]
[BlackElo "1945"]
[Opening "Philidor's defense"]
[ECO "B07"]
[NIC "KP.08"]
[Time "19:11:56"]
[TimeControl "180+0"]

1. d4 d6 2. e4 e5 3. Nf3 Nc6 4. Bb5 exd4 5. Nxd4 Bd7 6. Nc3 Nf6 7. O-O Be7
8. Re1 Nxd4 9. Bxd7+ Qxd7 10. Qxd4 O-O 11. Bg5 h6 12. Bh4 Qg4 13. Bg3 a6 14.
Rad1 Rad8 15. h3 Qh5 16. e5 dxe5 17. Qxe5 Rxd1 18. Rxd1 Qxe5 19. Bxe5 c6 20.
Na4 Rd8 21. Rxd8+ Bxd8 22. Nc5 b6 23. Nxa6 Nd5 24. c4 Nf6 25. Nb8 b5 26.
Nxc6 Bb6 27. Bxf6 gxf6 28. cxb5 Kf8 29. a4 Ke8 30. a5 Bc5 31. a6 Kd7 32. a7
Bxa7 33. Nxa7 Kc7 34. Nc6 Kb6 35. Nd4 Kc5 36. f4 Kxd4 37. b6 Ke4 38. b7 Kxf4
39. b8=Q+ Kf5 40. Kf2 {Black resigns} 1-0

[Event "ICCopen2016"]
[Site "Internet Chess Club"]
[Date "2016.06.03"]
[Round "2"]
[White "Nedwis"]
[Black "NoPrep"]
[Result "1-0"]
[ICCResult "Black resigns"]
[WhiteElo "2915"]
[BlackElo "2219"]
[Opening "Sicilian: Alapin's variation (2.c3)"]
[ECO "B22"]
[NIC "SI.46"]
[Time "19:12:34"]
[TimeControl "180+0"]

1. e4 c5 2. c3 d5 3. exd5 Qxd5 4. d4 Nf6 5. Be3 cxd4 6. cxd4 e6 7. Nc3 Bb4
8. Nf3 Bd7 9. Bd3 Bb5 10. O-O Bxc3 11. bxc3 O-O 12. Rb1 Bxd3 13. Qxd3 Rc8
14. Rb5 Qc6 15. Rfb1 b6 16. h3 Na6 17. Bg5 Nc7 18. Ne5 Qe8 19. Bxf6 Nxb5 20.
Qg3 g6 21. Ng4 h5 22. Qf4 Nxc3 23. Qh6 {Black resigns} 1-0

[Event "ICCopen2016"]
[Site "Internet Chess Club"]
[Date "2016.06.03"]
[Round "2"]
[White "d13gocr"]
[Black "bullbuffalo"]
[Result "1-0"]
[ICCResult "Black resigns"]
[WhiteElo "1709"]
[BlackElo "1318"]
[Opening "Sicilian defense"]
[ECO "B32"]
[NIC "SI.32"]
[Time "19:12:31"]
[TimeControl "180+0"]

1. e4 c5 2. Nf3 Nc6 3. d4 cxd4 4. Nxd4 Ne5 5. Nc3 Nf6 6. f4 Ng6 7. Bc4 h6 8.
O-O e6 9. f5 Ne7 10. fxe6 dxe6 11. Be3 Qc7 12. Rxf6 gxf6 13. Qh5 Qxc4 14.
Rd1 Bd7 15. Nb3 f5 16. Nc5 Bc8 17. Rd4 Qxc5 18. Rd8+ Kxd8 19. Bxc5 Ng6 20.
Bd4 Bd6 21. Bxh8 Nf4 22. Qh4+ Kc7 23. e5 Bxe5 24. Bxe5+ {Black resigns} 1-0

[Event "ICCopen2016"]
[Site "Internet Chess Club"]
[Date "2016.06.03"]
[Round "2"]
[White "Mad-Cobra"]
[Black "claris"]
[Result "1-0"]
[ICCResult "Black resigns"]
[WhiteElo "1856"]
[BlackElo "1442"]
[Opening "Queen's pawn game"]
[ECO "D04"]
[NIC "QP.08"]
[Time "19:13:01"]
[TimeControl "180+0"]

1. d4 d5 2. e3 Nf6 3. Nf3 Ne4 4. g3 e6 5. Bg2 f5 6. O-O Bd6 7. Nbd2 O-O 8.
c4 c6 9. c5 Bc7 10. b4 a6 11. a4 Nd7 12. Bb2 Qf6 13. Qc2 h6 14. Ne1 e5 15.
f4 exd4 16. Bxd4 Qg6 17. Nxe4 fxe4 18. Qc3 Nf6 19. Nc2 Qh5 20. Rae1 Ng4 21.
h3 Nf6 22. g4 Bxg4 23. Bxf6 Bxh3 24. Be5 Bxg2 25. Kxg2 Bxe5 26. Qxe5 Rf5 27.
Qe6+ Kh7 28. Nd4 Qg4+ 29. Kf2 Rf6 30. Qxg4 {Black resigns} 1-0

[Event "ICCopen2016"]
[Site "Internet Chess Club"]
[Date "2016.06.03"]
[Round "2"]
[White "Kakarotto"]
[Black "soumyat"]
[Result "1-0"]
[ICCResult "Black resigns"]
[WhiteElo "2645"]
[BlackElo "2044"]
[Opening "QGD: 4.Nf3"]
[ECO "D37"]
[NIC "QP.08"]
[Time "19:12:22"]
[TimeControl "180+0"]

1. d4 d5 2. c4 e6 3. Nf3 Nf6 4. Nc3 Bd6 5. Bg5 c6 6. e3 O-O 7. Bd3 Nbd7 8.
O-O Re8 9. Qc2 h6 10. Bh4 e5 11. cxd5 cxd5 12. Nxd5 g5 13. Nxf6+ Nxf6 14.
dxe5 gxh4 15. exd6 h3 16. Rfd1 hxg2 17. Bf5 Kh8 18. Bxc8 Rxc8 19. Qf5 Rg8
20. Ne5 Rg7 21. d7 Rc7 22. Qxf6 Qxf6 23. d8=Q+ Qxd8 24. Rxd8+ Kh7 25. Nd7 h5
26. Nf6+ Kg6 27. Ne8 Rg8 28. Rd6+ {Black resigns} 1-0

[Event "ICCopen2016"]
[Site "Internet Chess Club"]
[Date "2016.06.03"]
[Round "2"]
[White "olimpus"]
[Black "MorningRunner"]
[Result "0-1"]
[ICCResult "White resigns"]
[WhiteElo "2708"]
[BlackElo "2145"]
[Opening "French: Chigorin variation"]
[ECO "C00"]
[NIC "FR.01"]
[Time "19:12:02"]
[TimeControl "180+0"]

1. e4 e6 2. Qe2 Be7 3. g3 d5 4. d3 Nf6 5. Bg2 b6 6. e5 Nfd7 7. h4 Bb7 8. h5
h6 9. Nd2 c5 10. Ndf3 Nc6 11. Nh3 Qc7 12. Bf4 O-O-O 13. O-O Rdg8 14. c4 d4
15. a3 g5 16. hxg6 fxg6 17. g4 g5 18. Bg3 h5 19. Nd2 Ncxe5 20. Bxb7+ Kxb7
21. gxh5 Bd6 22. Ne4 g4 23. Nxd6+ Qxd6 24. Qe4+ Ka6 25. Nf4 Nf6 26. Qe2 Nxh5
27. Nxh5 Rxh5 28. Qe4 Nf3+ 29. Kg2 Rh2+ {White resigns} 0-1

[Event "ICCopen2016"]
[Site "Internet Chess Club"]
[Date "2016.06.03"]
[Round "2"]
[White "CountDooku"]
[Black "Ajolote"]
[Result "1-0"]
[ICCResult "Black checkmated"]
[WhiteElo "1832"]
[BlackElo "1429"]
[Opening "Sicilian: Smith-Morra gambit"]
[ECO "B21"]
[NIC "SI.48"]
[Time "19:11:46"]
[TimeControl "180+0"]

1. e4 c5 2. d4 cxd4 3. c3 d3 4. Bxd3 Nc6 5. Nf3 e6 6. O-O Be7 7. c4 Qc7 8.
Nc3 Nf6 9. Re1 b6 10. e5 Ng4 11. Bf4 O-O 12. h3 Nh6 13. Bxh6 gxh6 14. Nb5
Qb7 15. Qc2 f5 16. exf6 Bxf6 17. Bxh7+ Kh8 18. Be4 a6 19. Nd6 Qc7 20. Rad1
Ne5 21. Bxa8 Nxf3+ 22. Bxf3 Bg5 23. Qg6 Qc5 24. Nf7+ Rxf7 25. Qxf7 Qf5 26.
Qxf5 exf5 27. Re8+ Kg7 28. Rxc8 Kf6 29. Rxd7 Ke6 30. Rb7 Ke5 31. Rxb6 Kd4
32. Rxa6 Kd3 33. Rd6+ Kc2 34. b4 Kb2 35. b5 Kxa2 36. Rd3 Kb2 37. b6 Kc2 38.
Be2 Be3 39. fxe3 f4 40. Ra8 h5 41. Ra2+ Kb1 42. Rad2 Kc1 43. b7 fxe3 44. Ra2
h4 45. Rc2+ Kxc2 46. b8=Q Kc1 47. Qb4 Kc2 48. Qb3+ Kc1 49. Rd1#
{Black checkmated}
1-0

[Event "ICCopen2016"]
[Site "Internet Chess Club"]
[Date "2016.06.03"]
[Round "2"]
[White "TudoracheM"]
[Black "boydjj"]
[Result "1-0"]
[ICCResult "Black checkmated"]
[WhiteElo "1744"]
[BlackElo "1470"]
[Opening "French defense"]
[ECO "C01"]
[NIC "FR.01"]
[Time "19:11:57"]
[TimeControl "180+0"]

1. e4 e6 2. d4 b6 3. Nc3 Bb7 4. Nf3 Qe7 5. Bd3 Nc6 6. Qe2 O-O-O 7. O-O g5 8.
Bxg5 f6 9. Bh4 Qg7 10. Bg3 h5 11. h4 Nh6 12. e5 Rg8 13. Ne4 fxe5 14. dxe5
Nf5 15. Ba6 d5 16. exd6 Bxd6 17. Nxd6+ Rxd6 18. Bxb7+ Kxb7 19. Qe4 Nxg3 20.
fxg3 Qxg3 21. Ng5 Rd4 22. Qf3 Qd6 23. Ne4 Qd8 24. Rad1 Qxh4 25. Rxd4 Nxd4
26. Nc5+ Kb8 27. Qb7# {Black checkmated} 1-0